Map: Pillars of Gold LE

Players

HellraiseR

  • Race: Protoss Protoss
  • Spawn Location: 7:00

SKillous - Winner!

  • Race: Protoss Protoss
  • League: Grandmaster
  • Spawn Location: 1:00

Event: DreamHack SC2 Masters 2020 Fall

VOD

Have the link to the VOD?

Description

Time

  • Played on: Sept. 9, 2020, 2:46 p.m.
  • Length: 19:43

All games in this series

Show
View Real Time Build Order
Export as new Build Order

HellraiseR Protoss 

Build Orders:  

Get SALT Encoding   

  12  0:00  Probe  
  13  0:12  Probe  
  14  0:19  Pylon  
  14  0:24  Probe (Chrono Boost)  
  15  0:37  Probe (Chrono Boost)  
  15  0:39  Gateway  
  16  0:45  Probe (Chrono Boost)  
  16  0:47  Assimilator  
  17  0:52  Probe  
  17  0:57  Assimilator  
  19  1:04  Probe (Chrono Boost)  
  19  1:12  Gateway  
  19  1:13  Probe (Chrono Boost)  
  20  1:19  Probe  
  21  1:27  Cybernetics Core  
  21  1:31  Probe  
  22  1:38  Pylon  
  22  1:43  Probe  
  23  1:56  Probe  
  24  2:01  Warp Gate (Chrono Boost)  
  24  2:03  Adept  
  24  2:04  Adept  
  28  2:09  Probe  
  29  2:18  Pylon  
  29  2:34  Adept  
  29  2:36  Adept  
  32  2:54  Nexus  
  33  3:04  Adept  
  34  3:07  Adept  
  36  3:18  Pylon  
  36  3:19  Probe  
  37  3:27  Shield Battery  
  37  3:31  Probe  
  38  3:42  Adept  
  38  3:46  Adept  
  42  3:58  Probe  
  42  3:59  Twilight Council  
  43  4:07  Probe (Chrono Boost)  
  40  4:10  Probe (Chrono Boost)  
  40  4:14  Stalker x2  
  45  4:19  Probe (Chrono Boost)  
  45  4:23  Probe (Chrono Boost)  
  48  4:37  Stalker  
  49  4:40  Stalker  
  49  4:41  Probe  
  45  4:59  Blink  
  41  5:03  Stalker x2  
  45  5:08  Probe x2 (Chrono Boost)  
  46  5:20  Probe (Chrono Boost)  
  48  5:23  Probe (Chrono Boost)  
  48  5:25  Probe (Chrono Boost)  
  48  5:27  Sentry, Stalker  
  53  5:30  Probe  
  53  5:32  Pylon  
  53  5:34  Probe  
  55  5:39  Forge  
  56  5:42  Probe  
  56  5:45  Pylon  
  56  5:46  Probe  
  56  5:51  Stalker  
  56  5:55  Probe  
  59  5:58  Probe  
  59  6:00  Stalker  
  59  6:03  Protoss Ground Weapons Level 1 (Chrono Boost)  
  63  6:15  Photon Cannon  
  62  6:20  Nexus  
  62  6:21  Probe x2  
  64  6:26  Stalker  
  64  6:32  Stalker  
  68  6:37  Gateway  
  68  6:43  Gateway  
  68  6:47  Gateway  
  68  6:50  Pylon  
  68  6:51  Stalker  
  70  6:56  Probe, Stalker  
  70  6:59  Probe  
  74  7:07  Charge  
  74  7:11  Photon Cannon  
  73  7:16  Robotics Facility  
  73  7:18  Photon Cannon  
  74  7:24  Photon Cannon  
  74  7:29  Probe  
  74  7:34  Probe  
  75  7:42  Stalker x2  
  80  7:55  Stalker  
  81  8:01  Protoss Ground Weapons Level 2 (Chrono Boost)  
  81  8:02  Pylon  
  81  8:03  Pylon  
  81  8:08  Pylon  
  80  8:21  Observer (Chrono Boost), Stalker  
  80  8:22  Stalker x2  
  80  8:25  Stalker  
  89  8:28  Stalker  
  91  8:41  Nexus  
  91  8:45  Probe  
  91  8:46  Pylon  
  91  8:48  Probe  
  90  8:59  Stalker x2  
  90  9:00  Stalker  
  90  9:02  Probe  
  97  9:08  Probe  
  98  9:17  Probe  
  97  9:26  Probe  
  97  9:27  Gateway x2  
  97  9:30  Gateway  
  98  9:31  Stalker x2  
  98  9:37  Pylon  
  102  9:55  Zealot x4  
  102  9:56  Nexus  
  110  10:00  Pylon  
  109  10:07  Observer (Chrono Boost)  
  110  10:18  Shield Battery, Stalker x4  
  118  10:26  Zealot  
  118  10:30  Pylon  
  118  10:31  Photon Cannon  
  118  10:42  Probe x2  
  118  10:49  Zealot x5  
  124  11:01  Stalker  
  124  11:02  Protoss Ground Weapons Level 3 (Chrono Boost)  
  126  11:17  Stalker x2  
  126  11:18  Zealot x3  
  136  11:25  Photon Cannon  
  136  11:31  Stalker x2  
  139  11:47  Nexus  
  139  11:49  Stalker, Pylon  
  139  11:51  Pylon  
  141  11:56  Assimilator  
  141  11:57  Assimilator  
  141  12:07  Pylon, Probe x2  
  143  12:10  Probe  
  143  12:13  Stalker x3  
  143  12:14  Stalker  
  152  12:22  Zealot x2  
  156  12:37  Photon Cannon  
  156  12:44  Probe  
  157  12:52  Robotics Bay  
  153  13:03  Zealot x8  
  166  13:05  Observer (Chrono Boost)  
  166  13:11  Shield Battery x2  
  166  13:18  Observer (Chrono Boost)  
  163  13:26  Zealot, Stalker x4  
  163  13:27  Zealot x3  
  159  13:30  Probe  
  148  13:37  Probe  
  142  13:41  Observer (Chrono Boost)  
  136  13:50  Stalker x6  
  148  13:57  Zealot x2  
  148  13:59  Disruptor (Chrono Boost)  
  155  14:07  Probe  
  155  14:08  Probe  
  157  14:13  Stalker x4  
  165  14:18  Probe  
  166  14:28  Disruptor (Chrono Boost)  
  166  14:30  Assimilator, Protoss Ground Armor Level 1 (Chrono Boost)  
  169  14:33  Assimilator  
  169  14:34  Pylon  
  169  14:37  Pylon  
  169  14:41  Zealot  
  159  14:52  Stalker x2  
  159  14:54  Zealot x5  
  159  14:58  Observer  
  156  15:04  Probe  
  156  15:05  Zealot  
  139  15:10  Probe x2  
  135  15:18  Disruptor (Chrono Boost)  
  133  15:22  Probe  
  133  15:25  Zealot x6  
  145  15:34  Photon Cannon  
  145  15:36  Shield Battery, Probe (Chrono Boost)  
  145  15:38  Probe x2 (Chrono Boost)  
  145  15:40  Probe (Chrono Boost)  
  152  15:50  Probe (Chrono Boost)  
  152  15:54  Probe (Chrono Boost)  
  152  15:55  Zealot, Probe (Chrono Boost)  
  152  15:56  Probe (Chrono Boost)  
  158  15:57  Disruptor (Chrono Boost), Probe (Chrono Boost)  
  158  15:58  Observer  
  158  16:00  Probe (Chrono Boost)  
  158  16:01  Probe  
  162  16:09  Zealot x4  
  169  16:17  Disruptor (Chrono Boost)  
  172  16:29  Zealot x4  
  180  16:41  Stalker x4  
  180  16:46  Protoss Ground Armor Level 2 (Chrono Boost)  
  188  16:49  Observer  
  188  16:52  Pylon  
  188  16:54  Pylon  
  185  17:04  Zealot  
  185  17:07  Pylon  
  187  17:09  Pylon  
  187  17:13  Assimilator  
  187  17:14  Assimilator  
  186  17:22  Observer  
  175  17:23  Stalker x5  
  183  17:33  Zealot x2, Stalker  
  175  17:47  Zealot x3  
  175  17:48  Zealot x2  
  185  17:54  Observer  
  176  18:04  Stalker  
  176  18:05  Stalker x2  
  172  18:13  Zealot x3  
  152  18:44  Zealot x6, Stalker x2  
  131  19:06  Stalker x4  
  138  19:16  Stalker x2  
Show
View Real Time Build Order
Export as new Build Order

SKillous Protoss - Winner!

Build Orders: Oracle Opening 

Get SALT Encoding   

  12  0:00  Probe  
  13  0:12  Probe  
  14  0:18  Pylon  
  14  0:24  Probe (Chrono Boost)  
  15  0:36  Probe (Chrono Boost)  
  15  0:39  Gateway  
  16  0:45  Probe (Chrono Boost)  
  16  0:49  Assimilator  
  17  0:50  Probe  
  18  1:00  Assimilator  
  18  1:03  Probe (Chrono Boost)  
  19  1:13  Probe (Chrono Boost)  
  19  1:17  Gateway, Probe (Chrono Boost)  
  21  1:28  Cybernetics Core  
  21  1:31  Probe  
  22  1:38  Pylon  
  22  1:43  Probe  
  23  1:56  Probe  
  24  2:04  Stalker  
  24  2:05  Stalker  
  24  2:06  Warp Gate  
  28  2:14  Pylon  
  28  2:30  Pylon  
  28  2:36  Stalker x2  
  32  2:43  Stargate  
  31  3:13  Probe  
  31  3:14  Nexus  
  32  3:24  Oracle (Chrono Boost)  
  32  3:26  Probe  
  36  3:32  Shield Battery  
  36  3:40  Shield Battery  
  36  3:42  Probe  
  37  4:01  Probe  
  38  4:04  Oracle  
  39  4:14  Twilight Council  
  39  4:26  Probe (Chrono Boost)  
  39  4:27  Probe (Chrono Boost)  
  41  4:37  Probe (Chrono Boost)  
  43  4:38  Probe (Chrono Boost)  
  43  4:41  Shield Battery  
  43  4:42  Probe (Chrono Boost)  
  43  4:46  Probe  
  43  4:52  Probe  
  42  4:58  Probe  
  42  4:59  Stalker x2  
  45  5:04  Dark Shrine, Probe  
  46  5:10  Probe (Chrono Boost)  
  47  5:20  Pylon  
  48  5:21  Probe (Chrono Boost)  
  48  5:22  Probe (Chrono Boost)  
  49  5:29  Probe (Chrono Boost)  
  49  5:31  Probe (Chrono Boost)  
  49  5:32  Forge  
  51  5:37  Probe  
  51  5:40  Probe (Chrono Boost), Pylon  
  53  5:47  Blink  
  54  5:53  Probe x2 (Chrono Boost)  
  54  5:56  Protoss Ground Weapons Level 1 (Chrono Boost)  
  55  6:00  Gateway  
  55  6:01  Probe (Chrono Boost)  
  55  6:03  Probe (Chrono Boost)  
  57  6:07  Probe  
  58  6:13  Stalker x2, Probe  
  63  6:19  Probe  
  63  6:25  Probe  
  65  6:29  Assimilator  
  65  6:31  Probe  
  66  6:38  Pylon  
  66  6:39  Dark Templar x2  
  70  6:46  Nexus  
  70  6:56  Probe x2  
  72  7:01  Shield Battery  
  72  7:08  Probe x2  
  74  7:12  Stalker x2  
  74  7:15  Pylon  
  78  7:28  Gateway  
  78  7:30  Gateway  
  78  7:33  Probe x2  
  78  7:34  Stalker  
  82  7:42  Stalker  
  84  7:45  Probe  
  84  7:49  Gateway  
  85  7:51  Gateway  
  84  7:58  Probe  
  84  8:00  Photon Cannon  
  84  8:02  Charge (Chrono Boost)  
  84  8:05  Assimilator  
  84  8:09  Gateway  
  84  8:10  Sentry  
  84  8:11  Sentry  
  84  8:12  Photon Cannon  
  88  8:13  Protoss Ground Weapons Level 2 (Chrono Boost), Stalker  
  90  8:24  Stalker  
  92  8:27  Pylon  
  92  8:30  Stalker  
  94  8:37  Stalker x2  
  94  8:39  Pylon  
  98  8:45  Stalker x2  
  100  8:54  Stalker x2  
  104  8:58  Probe  
  104  9:01  Stalker x2  
  109  9:06  Probe  
  110  9:13  Zealot x3  
  116  9:18  Pylon  
  116  9:21  Pylon  
  114  9:24  Photon Cannon  
  114  9:30  Robotics Facility  
  114  9:36  Zealot x4  
  114  9:37  Pylon  
  122  9:39  Zealot  
  124  9:45  Pylon  
  118  9:57  Nexus  
  118  10:06  Stalker x3  
  124  10:09  Stalker  
  124  10:19  Observer (Chrono Boost)  
  124  10:20  Pylon, Protoss Ground Weapons Level 3 (Chrono Boost), Probe  
  124  10:21  Shield Battery, Probe  
  127  10:25  Stalker x3  
  127  10:28  Probe  
  132  10:32  Probe  
  132  10:35  Stalker  
  133  10:38  Zealot  
  133  10:41  Dark Templar  
  137  10:45  Zealot  
  135  10:52  Zealot  
  133  11:02  Stalker x5  
  141  11:04  Probe x2  
  141  11:07  Zealot  
  145  11:11  Shadow Stride (Chrono Boost)  
  145  11:15  Probe  
  147  11:18  Probe x3  
  147  11:20  Photon Cannon  
  147  11:23  Dark Templar  
  147  11:25  Dark Templar  
  153  11:32  Probe  
  154  11:33  Probe  
  154  11:37  Probe  
  153  11:43  Dark Templar x2  
  155  11:51  Probe  
  155  11:53  Shield Battery, Probe x2  
  158  11:55  Assimilator  
  158  11:57  Zealot x3  
  158  11:59  Assimilator  
  158  12:00  Pylon  
  164  12:02  Pylon  
  164  12:04  Zealot, Probe, Pylon  
  164  12:05  Pylon  
  164  12:06  Pylon  
  164  12:11  Nexus  
  164  12:17  Pylon  
  164  12:18  Dark Templar  
  164  12:19  Dark Templar  
  164  12:22  Probe x2  
  170  12:23  Dark Templar  
  170  12:28  Zealot x2  
  176  12:39  Zealot x3  
  178  12:55  Stalker x4  
  178  12:56  Stalker  
  184  13:07  Dark Templar x3  
  190  13:16  Nexus, Pylon  
  184  13:30  Stalker x4  
  184  13:31  Stalker  
  186  13:36  Photon Cannon x2  
  186  13:38  Photon Cannon  
  186  13:39  Photon Cannon  
  172  13:41  Pylon  
  172  13:47  Dark Templar x3, Protoss Shields Level 1 (Chrono Boost)  
  178  13:51  Probe  
  178  13:52  Probe x2  
  178  13:55  Zealot x2, Dark Templar  
  179  13:56  Zealot  
  179  13:57  Probe  
  186  14:02  Dark Templar  
  186  14:04  Probe x3  
  191  14:17  Zealot x3  
  191  14:21  Stalker  
  199  14:29  Shield Battery  
  199  14:31  Pylon  
  199  14:36  Stargate, Observer  
  199  14:37  Protoss Air Weapons Level 1 (Chrono Boost)  
  200  14:41  Assimilator  
  200  14:42  Assimilator  
  196  14:56  Zealot  
  196  14:57  Zealot  
  198  15:04  Phoenix (Chrono Boost)  
  186  15:08  Fleet Beacon  
  182  15:15  Immortal  
  182  15:20  Phoenix (Chrono Boost), Zealot x7  
  193  15:32  Phoenix (Chrono Boost)  
  195  15:38  Stargate  
  195  15:40  Protoss Shields Level 2 (Chrono Boost), Phoenix (Chrono Boost)  
  197  15:42  Assimilator  
  197  15:44  Assimilator  
  197  15:47  Zealot, Photon Cannon  
  199  15:55  Observer  
  200  16:03  Anion Pulse-Crystals (Chrono Boost), Photon Cannon  
  200  16:25  Pylon  
  200  16:26  Protoss Air Weapons Level 2 (Chrono Boost)  
  200  16:39  Phoenix, Nexus  
  200  16:40  Pylon  
  200  16:55  Pylon  
  194  17:01  Mothership (Chrono Boost)  
  198  17:10  Zealot  
  198  17:15  Carrier (Chrono Boost)  
  200  17:20  Shield Battery  
  200  17:22  Photon Cannon  
  190  17:23  Photon Cannon  
  190  17:25  Photon Cannon  
  182  17:30  Zealot x8  
  182  17:32  Carrier (Chrono Boost)  
  196  17:40  Immortal  
  196  17:41  Carrier (Chrono Boost)  
  177  17:52  Zealot x6  
  177  17:53  Zealot x2  
  173  18:14  Dark Templar x7, Carrier (Chrono Boost)  
  173  18:15  Dark Templar  
  173  18:18  Archon x3  
  194  18:22  Archon  
  181  18:28  Pylon  
  181  18:29  Nexus  
  179  18:36  Carrier (Chrono Boost)  
  171  18:46  Dark Templar  
  173  18:53  Zealot x7  
  177  19:05  Probe x2  
  185  19:20  Assimilator, Photon Cannon  
  185  19:21  Shield Battery  
  185  19:22  Shield Battery  
  185  19:26  Photon Cannon  
  185  19:28  Photon Cannon  
  185  19:29  Photon Cannon  
  169  19:34  Zealot x3  

Tags
 
Add a new tag
Caveats
  • Supply blocks, unpowered buildings, or Contaminate may cause inaccurate times.
  • Supply counts are checked every 10 seconds.